[gd_scene load_steps=13 format=1]

[ext_resource path="res://Bandit.gd" type="Script" id=1]
[ext_resource path="res://bandit.png" type="Texture" id=2]
[ext_resource path="res://Lecteur_Sons.tscn" type="PackedScene" id=3]

[sub_resource type="RectangleShape2D" id=1]

custom_solver_bias = 0.0
extents = Vector2( 7.21342, 9.65875 )

[sub_resource type="Animation" id=2]

resource/name = "debout_bas"
length = 1.0
loop = false
step = 0.1
tracks/0/type = "value"
tracks/0/path = NodePath("Sprite:frame")
tracks/0/interp = 1
tracks/0/imported = false
tracks/0/keys = {
"times": FloatArray( 0 ),
"transitions": FloatArray( 1 ),
"update": 1,
"values": [ 0 ]
}

[sub_resource type="Animation" id=3]

resource/name = "debout_droite"
length = 1.0
loop = false
step = 0.1
tracks/0/type = "value"
tracks/0/path = NodePath("Sprite:frame")
tracks/0/interp = 1
tracks/0/imported = false
tracks/0/keys = {
"times": FloatArray( 0 ),
"transitions": FloatArray( 1 ),
"update": 1,
"values": [ 6 ]
}

[sub_resource type="Animation" id=4]

resource/name = "debout_gauche"
length = 1.0
loop = false
step = 0.1
tracks/0/type = "value"
tracks/0/path = NodePath("Sprite:frame")
tracks/0/interp = 1
tracks/0/imported = false
tracks/0/keys = {
"times": FloatArray( 0 ),
"transitions": FloatArray( 1 ),
"update": 1,
"values": [ 9 ]
}

[sub_resource type="Animation" id=5]

resource/name = "debout_haut"
length = 1.0
loop = false
step = 0.1
tracks/0/type = "value"
tracks/0/path = NodePath("Sprite:frame")
tracks/0/interp = 1
tracks/0/imported = false
tracks/0/keys = {
"times": FloatArray( 0 ),
"transitions": FloatArray( 1 ),
"update": 1,
"values": [ 3 ]
}

[sub_resource type="Animation" id=6]

resource/name = "tir_bas"
length = 1.0
loop = true
step = 0.1
tracks/0/type = "value"
tracks/0/path = NodePath("Sprite:frame")
tracks/0/interp = 1
tracks/0/imported = false
tracks/0/keys = {
"times": FloatArray( 0 ),
"transitions": FloatArray( 1 ),
"update": 1,
"values": [ 12 ]
}

[sub_resource type="Animation" id=7]

resource/name = "tir_droite"
length = 1.0
loop = true
step = 0.1
tracks/0/type = "value"
tracks/0/path = NodePath("Sprite:frame")
tracks/0/interp = 1
tracks/0/imported = false
tracks/0/keys = {
"times": FloatArray( 0 ),
"transitions": FloatArray( 1 ),
"update": 1,
"values": [ 14 ]
}

[sub_resource type="Animation" id=8]

resource/name = "tir_gauche"
length = 1.0
loop = true
step = 0.1
tracks/0/type = "value"
tracks/0/path = NodePath("Sprite:frame")
tracks/0/interp = 1
tracks/0/imported = false
tracks/0/keys = {
"times": FloatArray( 0 ),
"transitions": FloatArray( 1 ),
"update": 1,
"values": [ 15 ]
}

[sub_resource type="Animation" id=9]

resource/name = "tir_haut"
length = 1.0
loop = true
step = 0.1
tracks/0/type = "value"
tracks/0/path = NodePath("Sprite:frame")
tracks/0/interp = 1
tracks/0/imported = false
tracks/0/keys = {
"times": FloatArray( 0 ),
"transitions": FloatArray( 1 ),
"update": 1,
"values": [ 13 ]
}

[node name="Bandit" type="KinematicBody2D"]

input/pickable = false
shapes/0/shape = SubResource( 1 )
shapes/0/transform = Matrix32( 1, 0, 0, 1, 0, 1.07319 )
shapes/0/trigger = false
collision/layers = 1
collision/mask = 1
collision/margin = 0.08
script/script = ExtResource( 1 )

[node name="Sprite" type="Sprite" parent="."]

texture = ExtResource( 2 )
vframes = 4
hframes = 4
frame = 3

[node name="AnimationPlayer" type="AnimationPlayer" parent="."]

playback/process_mode = 1
playback/default_blend_time = 0.0
root/root = NodePath("..")
anims/debout_bas = SubResource( 2 )
anims/debout_droite = SubResource( 3 )
anims/debout_gauche = SubResource( 4 )
anims/debout_haut = SubResource( 5 )
anims/tir_bas = SubResource( 6 )
anims/tir_droite = SubResource( 7 )
anims/tir_gauche = SubResource( 8 )
anims/tir_haut = SubResource( 9 )
playback/active = true
playback/speed = 1.0
blend_times = [  ]
autoplay = ""

[node name="CollisionShape2D" type="CollisionShape2D" parent="."]

transform/pos = Vector2( 0, 1.07319 )
shape = SubResource( 1 )
trigger = false
_update_shape_index = 0

[node name="SamplePlayer2D" parent="." instance=ExtResource( 3 )]


